FIQ, neutral male gnomish Wizard ---- |..--------- ---- --- --..........-- ---- |..--- ---- --- ---.----- --- --....------..-- ---..| |....----..-- --.--- |.....|.---.--- |.......| |...|--^...----%....|....| -....- -........|....| |.|.....-- |...--......| |.........-- ........ ..............| |.|.--...| |-.[)......----.........-- -....... ---- -.........-- |...||..-- |...........--......---..---- |........--..| |-........|--- --..------ |-..................| |.....| --...........---.....^.---..| |...-- --........%........--- ----..| ---- --.....^..........^........| --...| |....--........--..| ----|(.| |..----- |^...................------ |..-- |..----........|---- --..--..----.....---....................----- |.-- ---- |.........-- ---|................I........>...............|.-- |.| --....)....---.--.-------.........................|..........| ---.| |....|...<.......| |..............|.......-.-----.......-| |...| --..----.|......--- |........--.|.---.......-| |........| |...---- --.| -----......| ----.--.. ----- --.......| --......-- ---..|.| --.--------.--...| --- |.......- --.....| ---..| |...........|----- --.---.(. --.|.-- |..| |..---------- ---- ----- ---- ---- FIQ the Conjurer Experience level: 4 Strength: 7 Dexterity: 10 Constitution: 12 Intelligence: 17 Wisdom: 19 Charisma: 9 Health: 0(26) Energy: 53(53) Def: 1 Gold: 184 Moves: 1362 Dungeon seed: OqE09A-52RZwfwpw Game ID: FIQ_1464974952 Your Inventory: Coins $ - 184 gold pieces Weapons a - a blessed +1 quarterstaff (weapon in hands) f - an uncursed +2 aklys (alternate weapon; not wielded) Armor e - an uncursed +0 cloak of magic resistance (being worn) n - a cursed +0 pair of gauntlets of dexterity Comestibles g - an uncursed egg l - 5 cursed cram rations Scrolls q - a cursed scroll of identify Spellbooks b - a blessed spellbook of force bolt c - an uncursed spellbook of remove curse u - an uncursed spellbook of create familiar Potions j - an uncursed potion of sickness v - an uncursed potion of invisibility Wands d - an uncursed wand of nothing (0:8) o - an uncursed wand of slow monster (0:3) Tools k - an uncursed skeleton key t - an uncursed towel Spells and supernatural/magical abilities: Name Level Category Fail Memory a - force bolt 1 attack 0% 94% r - remove curse 3 clerical 93% 94% W - pray for help -- divine ? -- Your skills at the end: Miscellaneous Skills wands [Basic] Weapon Skills quarterstaff [Basic] crossbow [Basic] Spellcasting Skills attack spells [Basic] enchantment spells [Basic] Final Attributes: You were devoutly aligned. You were magic-protected. You were telepathic. You had infravision. You are dead. Vanquished creatures: a ghost a shrieker a floating eye a hobbit 2 large kobolds a gecko a brown mold a gnome 3 jackals a fox a kobold a newt a goblin 2 sewer rats 7 grid bugs a lichen 2 kobold zombies 28 creatures vanquished. Voluntary challenges: You did not adorn yourself with jewelry or accessories. You were an atheist. You used a wielded weapon 30 times, starting on turn 30. You did not use containers. You did not apply a unicorn horn. You read items or engraved 4 times, starting on turn 4. You never genocided any monsters. You never polymorphed an object. You never changed form. You used no wishes. You never split a pudding. You never wrote Elbereth's name. You never violated your personal moral code. Dungeon overview: The Dungeons of Doom: levels 1 to 2 Level 1 a fountain a long staircase Level 2 some fountains stairs to The Gnomish Mines The Gnomish Mines: levels 3 to 4 Level 3 stairs to The Dungeons of Doom Level 4 <- You were here History has recorded: On T:1 you entered the Dungeons of Doom to retrieve the Amulet of Yendor! On T:83 you reached level 2 of The Dungeons of Doom. On T:235 you reached level 1 of The Gnomish Mines. On T:251 you advanced to experience level 2. On T:367 you advanced to experience level 3. On T:561 you reached level 2 of The Gnomish Mines. On T:628 you advanced to experience level 4. Score breakdown: Gold: 184 ( 18 points) Experience: 4 levels ( 300 points) Exploration: 4 levels ( 90 points) Discoveries: 2 items ( 100 points) Variety of kills: 17 monsters ( 850 points) Major goal: (nothing yet) ( 0 points) Survival: died (score multiplied by 3) Total score: 4074 Latest messages: There are several more objects here. You hit the giant ant. The giant ant bites! You faint from lack of food. Something bites! (6x) You die... Final status: Goodbye FIQ the Wizard, killed by a giant ant, while fainted from lack of food... You died in The Gnomish Mines on dungeon level 4 with 4074 points, and 184 pieces of gold, after 1362 moves. You were level 4 with a maximum of 26 hit points when you died.